[Event "Titled Tuesday Blitz February 28 Late 2023"]
[White "Ricaurte Lopez, Juan Carlos"]
[Black "Guimaraes, Wagner Peixoto"]
[WhiteFideId "3600327"]
[BlackFideId "2100940"]
[WhiteElo "2209"]
[BlackElo "2185"]
[Result "0-1"]
[Round "08"]
[TimeControl "180+2"]
[Date "2023.02.28"]
[WhiteClock "0:00:09"]
[BlackClock "0:00:06"]

1. e4 c5 2. Nf3 e6 3. d4 cxd4 4. Nxd4 Nc6 5. Nc3 Nf6 6. Nxc6 bxc6 7. Bd3 d5 8. Kf1 Be7 9. e5 Nd7 10. f4 a5 11. Na4 Ba6 12. Bxa6 Rxa6 13. c4 Nc5 14. Be3 Ne4 15. cxd5 cxd5 16. Rc1 O-O 17. Qd3 Ra8 18. Rc6 Qe8 19. Qc2 Rc8 20. Rxc8 Qxc8 21. Qxc8 Rxc8 22. Ke2 Rc4 23. b3 Rc2+ 24. Kf3 Rxa2 25. Rc1 h6 26. Rc8+ Kh7 27. Rc7 Bb4 28. Rxf7 Kg6 29. Rb7 Ra3 30. Rb6 Kf7 31. g4 Rxb3 32. Ke2 Ra3 33. f5 Rxa4 34. fxe6+ Ke7 35. Rb7+ Kxe6 36. Rxg7 Kxe5 37. Rg6 Ra2+ 38. Kd3 Nc5+ 39. Bxc5 Bxc5 40. Rxh6 Ra3+ 41. Kc2 Kf4 42. h3 Rg3 43. Rh5 Bb4 44. Rxd5 Rxh3 45. g5 Rg3 46. Rd4+ Kxg5 47. Rc4 Kf5 48. Kb2 Rf3 49. Rc6 Rf4 50. Rc7 Ke4 51. Rd7 Rf2+ 52. Kb3 Rf3+ 53. Ka4 Ra3+ 54. Kb5 Rd3 55. Kc4 Rxd7 56. Kb3 Rc7 0-1


[Site "https://www.chess.com"]

[Event "Titled Tuesday Blitz February 28 Late 2023"]
[White "Govender, Kaedan"]
[Black "Mendez Machado, Andre"]
[WhiteFideId "14322072"]
[BlackFideId "6603793"]
[WhiteElo "1969"]
[BlackElo "1989"]
[Result "0-1"]
[Round "08"]
[TimeControl "180+2"]
[Date "2023.02.28"]
[WhiteClock "0:00:39"]
[BlackClock "0:00:59"]

1. d4 Nf6 2. c4 e6 3. Nc3 Bb4 4. a3 Bxc3+ 5. bxc3 b6 6. f3 c5 7. e4 d6 8. Bg5 h6 9. Bh4 O-O 10. Bd3 e5 11. Ne2 Nc6 12. d5 Na5 13. f4 exf4 14. Nxf4 g5 15. Qf3 gxh4 16. Nh5 Nxh5 17. Qxh5 Qg5 18. Qf3 Bg4 19. Qf2 h3 20. gxh3 Qe5 21. hxg4 Qxc3+ 22. Ke2 Nb3 23. Qf5 Qd2+ 24. Kf1 Qxd3+ 25. Kg2 Nxa1 26. Qf4 Rae8 27. Qxh6 Qxe4+ 28. Kg3 Qe3+ 0-1


[Site "https://www.chess.com"]

[Event "Titled Tuesday Blitz February 28 Late 2023"]
[White "Huang, Alex"]
[Black "Pissama Ntsaou, Martial"]
[WhiteFideId "4302508"]
[BlackFideId "17400864"]
[WhiteElo "2029"]
[BlackElo "2077"]
[Result "1-0"]
[Round "08"]
[TimeControl "180+2"]
[Date "2023.02.28"]
[WhiteClock "0:00:12"]
[BlackClock "0:00:12"]

1. d4 d5 2. Bf4 Nf6 3. e3 c5 4. c3 Nc6 5. Nd2 cxd4 6. exd4 Bg4 7. Qb3 Qc8 8. Ngf3 e6 9. h3 Bh5 10. Bd3 Be7 11. O-O O-O 12. Rfe1 Bg6 13. Bxg6 hxg6 14. Rac1 Na5 15. Qa4 Qd8 16. Ne5 Rc8 17. b4 Nc6 18. Nxc6 bxc6 19. Qxa7 Ra8 20. Qb7 Rxa2 21. Qxc6 Qc8 22. Qb5 Nh5 23. Be3 Qc7 24. Nb3 Nf4 25. Bxf4 Qxf4 26. Qf1 Bh4 27. Re2 Bxf2+ 28. Rxf2 Rxf2 29. Qxf2 Qg5 30. Rf1 f6 31. Nc5 Re8 32. b5 e5 33. b6 exd4 34. cxd4 Re3 35. b7 Qxg2+ 36. Qxg2 1-0


[Site "https://www.chess.com"]

[Event "Titled Tuesday Blitz February 28 Late 2023"]
[White "Sabar, Ethmane Daouda"]
[Black "Desideri, Ricardo Maruchi"]
[WhiteFideId "19600097"]
[BlackFideId "2110440"]
[WhiteElo "1950"]
[BlackElo "1945"]
[Result "0-1"]
[Round "08"]
[TimeControl "180+2"]
[Date "2023.02.28"]
[WhiteClock "0:00:09"]
[BlackClock "0:00:14"]

1. b3 e5 2. Bb2 Nc6 3. e3 d5 4. Bb5 Bd6 5. f4 Qe7 6. Nf3 Bg4 7. fxe5 Bxe5 8. Bxe5 Bxf3 9. Qxf3 Qxe5 10. O-O Nf6 11. Bxc6+ bxc6 12. Nc3 O-O 13. Qf4 Qe7 14. Rf3 Rae8 15. Raf1 Ne4 16. Nxe4 Qxe4 17. Qxe4 Rxe4 18. Rf4 Re7 19. Ra4 Ra8 20. Ra6 Re6 21. Rf4 c5 22. Rfa4 Rxa6 23. Rxa6 d4 24. exd4 cxd4 25. Rc6 Rc8 26. Rc4 d3 27. cxd3 g6 28. d4 Kg7 29. Kf2 Kf6 30. Rc6+ Kf5 31. Ke3 Re8+ 32. Kd3 Re7 33. Kc4 Ke4 34. d3+ Ke3 35. d5 Kf2 36. g4 Kg2 37. h4 Kg3 38. h5 Kxg4 39. hxg6 hxg6 40. Kc5 Kf5 41. d4 g5 42. d6 cxd6+ 43. Rxd6 g4 44. Rd5+ Kf4 45. Rh5 g3 46. Rh8 Re6 47. d5 Rg6 48. Rh1 g2 49. Rg1 Kf3 50. d6 Kf2 51. Rd1 g1=Q 52. Rxg1 Kxg1 53. d7 Rg8 54. Kd5 f5 55. Ke5 f4 56. Kxf4 Rd8 57. Ke5 Rxd7 58. b4 Rb7 59. a3 Kf2 60. Kd5 Ke3 61. Kc5 Kd3 62. b5 Kc3 63. a4 Kb3 64. a5 Ka4 65. Kc6 Rxb5 66. a6 Rb6+ 67. Kc7 Rxa6 68. Kb7 Ra5 69. Ka8 Kb5 70. Kb7 Ra2 71. Ka8 a5 72. Kb7 a4 73. Ka7 Rb2 0-1


[Site "https://www.chess.com"]

[Event "Titled Tuesday Blitz February 28 Late 2023"]
[White "Kujawski, Adam"]
[Black "Levine, David"]
[WhiteFideId "1100920"]
[BlackFideId "2011611"]
[WhiteElo "2054"]
[BlackElo "2117"]
[Result "1/2-1/2"]
[Round "08"]
[TimeControl "180+2"]
[Date "2023.02.28"]
[WhiteClock "0:00:08"]
[BlackClock "0:00:04"]

1. e4 e5 2. Nf3 Nc6 3. Bb5 a6 4. Ba4 Nf6 5. O-O Be7 6. Re1 b5 7. Bb3 d6 8. c3 O-O 9. h3 Bb7 10. d4 Re8 11. Ng5 Rf8 12. Nf3 Re8 13. Nbd2 Bf8 14. a4 h6 15. Bc2 Nb8 16. d5 c6 17. dxc6 Bxc6 18. Nf1 Nbd7 19. Ng3 g6 20. b4 a5 21. axb5 Bxb5 22. Bb3 axb4 23. Rxa8 Qxa8 24. cxb4 Bc6 25. Qc2 d5 26. b5 Bb7 27. exd5 Bxd5 28. Rd1 Bxb3 29. Qxb3 Qb7 30. Be3 Nc5 31. Qc4 Rc8 32. Nxe5 Nce4 33. Qb3 Nxg3 34. fxg3 Re8 35. Bf4 g5 36. Nxf7 Qxf7 37. Qxf7+ Kxf7 38. Bc7 Bc5+ 39. Kh2 Re6 40. Rc1 Bb6 41. Bxb6 Rxb6 42. Rc7+ Kg6 43. g4 Rxb5 44. Rc4 Rb3 45. Ra4 Rb6 46. Rc4 Rd6 47. Ra4 Rd2 48. Rb4 h5 49. gxh5+ Kxh5 50. Rb6 Kg6 51. Kg3 Rd3+ 52. Kh2 Rd2 53. Kg3 Rd3+ 54. Kh2 Rd2 1/2-1/2


[Site "https://www.chess.com"]

[Event "Titled Tuesday Blitz February 28 Late 2023"]
[White "Gerbelli Neto, Eduardo"]
[Black "Souza, Gustavo Horokoski De"]
[WhiteFideId "2103281"]
[BlackFideId "2146584"]
[WhiteElo "2178"]
[BlackElo "1859"]
[Result "1-0"]
[Round "08"]
[TimeControl "180+2"]
[Date "2023.02.28"]
[WhiteClock "0:00:56"]
[BlackClock "0:00:04"]

1. e4 e6 2. d4 d5 3. Nc3 Nf6 4. e5 Nfd7 5. Nf3 c5 6. dxc5 Bxc5 7. Bd3 Nc6 8. Bf4 a6 9. O-O h6 10. h4 Be7 11. h5 O-O 12. Qd2 f5 13. exf6 Rxf6 14. Bg3 Nc5 15. Bg6 Bd7 16. Ne5 Be8 17. Rfe1 Nd7 18. Ng4 Rf8 19. Rxe6 Bxg6 20. Rxg6 Bg5 21. Nxh6+ Bxh6 22. Qxh6 Qe7 23. Nxd5 Qf7 24. Qg5 Rae8 25. h6 Kh8 26. hxg7+ 1-0


[Site "https://www.chess.com"]

[Event "Titled Tuesday Blitz February 28 Late 2023"]
[White "Manu_ChessExcelsior"]
[Black "Ardila, Oscar Humberto"]
[BlackFideId "4404742"]
[WhiteElo "1971"]
[BlackElo "1946"]
[Result "1-0"]
[Round "08"]
[TimeControl "180+2"]
[Date "2023.02.28"]
[WhiteClock "0:02:03"]
[BlackClock "0:01:52"]

1. e4 e5 2. Nf3 Nf6 3. Nc3 Nc6 4. d4 exd4 5. Nxd4 Bb4 6. Nxc6 bxc6 7. Bd3 d5 8. exd5 cxd5 9. O-O O-O 10. h3 c6 11. Qf3 Bd6 12. Re1 Rb8 13. b3 Qc7 14. Na4 Be5 15. Rb1 Re8 16. Ba3 Bd7 17. Nc5 Bh2+ 18. Kh1 Rxe1+ 19. Rxe1 Re8 20. Rxe8+ Nxe8 21. Nxd7 Qxd7 22. Kxh2 Nf6 23. Bb2 Qd6+ 24. g3 Ne8 25. Qf5 g6 26. Qe5 Qxe5 27. Bxe5 f6 28. Bb8 a5 29. Ba6 Kf7 30. Bb7 Ke6 31. Bxc6 Ng7 32. Bc7 Nf5 33. Bxa5 Nd4 34. Ba4 Nxc2 35. b4 Nd4 36. b5 Kd6 37. b6 Nf3+ 38. Kg2 Ne5 39. b7 1-0


[Site "https://www.chess.com"]

[Event "Titled Tuesday Blitz February 28 Late 2023"]
[White "Vanek, Tomas"]
[Black "rikchessmx"]
[WhiteFideId "313459"]
[WhiteElo "2052"]
[BlackElo "2169"]
[Result "1-0"]
[Round "08"]
[TimeControl "180+2"]
[Date "2023.02.28"]
[WhiteClock "0:00:44"]
[BlackClock "0:00:56"]

1. g3 g6 2. Bg2 Bg7 3. d4 Nc6 4. d5 Ne5 5. Nf3 Nxf3+ 6. exf3 d6 7. O-O Nf6 8. c4 O-O 9. Nc3 Bf5 10. Be3 Qc8 11. Qd2 Bh3 12. Rfe1 Bxg2 13. Kxg2 Re8 14. h4 e5 15. dxe6 fxe6 16. Bg5 Qd7 17. Re2 Qc6 18. Bxf6 Bxf6 19. Ne4 Bg7 20. h5 d5 21. Ng5 Bh6 22. hxg6 hxg6 23. Rh1 Bg7 24. Qf4 Rf8 25. Qh4 Rf6 26. Nh7 Rf5 27. Ng5 Re8 28. Qh7+ Kf8 29. Qxg6 Rf6 30. Nh7+ Ke7 31. Qxg7+ Rf7 32. Qg5+ Kd7 33. Nf6+ Rxf6 34. Qxf6 Qxc4 35. Rh7+ Kd6 36. Qe5+ Kc6 37. Rxc7+ 1-0


[Site "https://www.chess.com"]

[Event "Titled Tuesday Blitz February 28 Late 2023"]
[White "Khatena, Moshe"]
[Black "Vargas Pereda, Jesus Manue"]
[WhiteFideId "2010461"]
[BlackFideId "5115710"]
[WhiteElo "2140"]
[BlackElo "1914"]
[Result "1-0"]
[Round "08"]
[TimeControl "180+2"]
[Date "2023.02.28"]
[WhiteClock "0:00:28"]
[BlackClock "0:00:11"]

1. g4 d5 2. Bg2 e6 3. c4 c6 4. d4 Nf6 5. g5 Nfd7 6. Nc3 a6 7. a4 Be7 8. h4 c5 9. cxd5 exd5 10. Nxd5 Nc6 11. Nxe7 Qxe7 12. d5 Nd4 13. e3 O-O 14. Kf1 Nf5 15. e4 Nd4 16. b4 b6 17. bxc5 bxc5 18. Be3 Qe5 19. f4 Qc7 20. Bxd4 cxd4 21. Ne2 a5 22. Rc1 Qb8 23. e5 Ba6 24. Kf2 d3 25. Ng3 Nxe5 26. fxe5 Qxe5 27. Qf3 Rac8 28. Rce1 Qd4+ 29. Qe3 Rc2+ 30. Kf3 Qxd5+ 31. Qe4 Qd7 32. Re3 Bb7 33. Rhe1 Bxe4+ 34. Rxe4 d2 35. Rd1 Qd3+ 36. Re3 Qd5+ 37. Kf2 Qa2 38. Re2 Rc1 39. Rexd2 Qe6 40. Rxc1 Qb6+ 41. Kf1 h6 42. Re1 Rc8 43. gxh6 gxh6 44. Rf2 Qa6+ 45. Kg1 Qg6 46. Kh2 Rc3 47. Rf3 h5 48. Rxc3 1-0


[Site "https://www.chess.com"]

[Event "Titled Tuesday Blitz February 28 Late 2023"]
[White "Burke, Paul"]
[Black "Santos Ruiz, Miguel"]
[WhiteFideId "2605767"]
[BlackFideId "22291482"]
[WhiteElo "1893"]
[BlackElo "2504"]
[Result "0-1"]
[Round "08"]
[TimeControl "180+2"]
[Date "2023.02.28"]
[WhiteClock "0:00:54"]
[BlackClock "0:01:08"]

1. e4 c5 2. d4 cxd4 3. c3 dxc3 4. Nxc3 d6 5. Nf3 Nc6 6. Bc4 Nf6 7. e5 dxe5 8. Qxd8+ Nxd8 9. Nb5 Nc6 10. Nc7+ Kd8 11. Nxa8 e6 12. Bg5 Bd7 13. O-O-O Kc8 14. Bb5 Ng4 15. Bxc6 bxc6 16. Rhf1 f6 17. h3 e4 18. Bf4 exf3 19. hxg4 fxg2 20. Rg1 e5 21. Be3 Bxg4 22. Rde1 Bf3 23. Bxa7 Kb7 24. Nb6 Kxa7 25. Nc4 Bc5 26. Ne3 h5 0-1


[Site "https://www.chess.com"]

[Event "Titled Tuesday Blitz February 28 Late 2023"]
[White "Vargas, Mauricio"]
[Black "Dias, Joao Batista"]
[WhiteFideId "4404572"]
[BlackFideId "2108240"]
[WhiteElo "2025"]
[BlackElo "1907"]
[Result "0-1"]
[Round "08"]
[TimeControl "180+2"]
[Date "2023.02.28"]
[WhiteClock "0:00:44"]
[BlackClock "0:01:52"]

1. e4 e5 2. Nf3 Nc6 3. d4 exd4 4. Bc4 Be7 5. c3 d6 6. cxd4 Nf6 7. O-O Nxe4 8. d5 Ne5 9. Nxe5 dxe5 10. f3 Nd6 11. Bb3 O-O 12. Nc3 f5 13. Qe2 Bf6 14. Bd2 Kh8 15. Rac1 a6 16. Nd1 Bd7 17. f4 Bb5 18. Bc4 Bxc4 19. Rxc4 Nxc4 20. Qxc4 e4 21. b3 Qd6 22. Ne3 g6 23. Kh1 Rad8 24. Bb4 Qb6 25. Bc5 Qb5 26. Bxf8 Rxf8 27. Qxc7 Bd4 28. Qe7 Kg8 29. Nc4 Qxd5 30. Rd1 Bf6 31. Qc7 Qxd1# 0-1


[Site "https://www.chess.com"]

[Event "Titled Tuesday Blitz February 28 Late 2023"]
[White "Firouzja, Alireza"]
[Black "Carlsen, Magnus"]
[WhiteFideId "12573981"]
[BlackFideId "1503014"]
[WhiteElo "2904"]
[BlackElo "2852"]
[Result "1/2-1/2"]
[Round "09"]
[TimeControl "180+2"]
[Date "2023.02.28"]
[WhiteClock "0:00:06"]
[BlackClock "0:00:06"]

1. e4 e5 2. Nf3 Nc6 3. Bb5 a6 4. Ba4 Nf6 5. O-O Be7 6. Re1 b5 7. Bb3 O-O 8. d3 d6 9. c3 Na5 10. Bc2 c5 11. Nbd2 Nc6 12. Nf1 h6 13. h3 Re8 14. Ne3 Be6 15. Nh2 d5 16. Qf3 d4 17. Nf5 Bf8 18. Bb3 c4 19. dxc4 bxc4 20. Ba4 Rc8 21. Ng4 Bxf5 22. exf5 e4 23. Nxf6+ Qxf6 24. Rxe4 Rxe4 25. Qxe4 dxc3 26. bxc3 Qxc3 27. Rb1 Qd3 28. Qxd3 cxd3 29. Be3 Ne5 30. Rd1 Rd8 31. Bb3 a5 32. Bb6 Ra8 33. Bc7 Nd7 34. Rxd3 Nc5 35. Rd5 Nxb3 36. axb3 a4 37. bxa4 Rxa4 38. Rd8 Ra6 39. g4 f6 40. Kg2 Rc6 41. Bf4 Kf7 42. Rd7+ Be7 43. Rb7 Kf8 44. Kf3 Rc3+ 45. Kg2 Rc4 46. Be3 Rc2 47. Kf3 Rc3 48. Ke4 Bc5 49. Rc7 Bd4 50. Rxc3 Bxc3 51. Kd5 Kf7 52. h4 Bb2 53. Ke4 Ba3 54. f4 Bb4 55. g5 fxg5 56. fxg5 hxg5 57. hxg5 g6 58. fxg6+ Kxg6 59. Bf4 Be7 60. Be3 Bxg5 1/2-1/2


[Site "https://www.chess.com"]

[Event "Titled Tuesday Blitz February 28 Late 2023"]
[White "Nakamura, Hikaru"]
[Black "Kamsky, Gata"]
[WhiteFideId "2016192"]
[BlackFideId "2000024"]
[WhiteElo "2879"]
[BlackElo "2666"]
[Result "1/2-1/2"]
[Round "09"]
[TimeControl "180+2"]
[Date "2023.02.28"]
[WhiteClock "0:00:02"]
[BlackClock "0:00:09"]

1. Nf3 Nf6 2. g3 g6 3. d3 Bg7 4. e4 d5 5. e5 Ng4 6. d4 f6 7. h3 Nh6 8. Bg2 Nf7 9. exf6 exf6 10. O-O O-O 11. Re1 c6 12. Nbd2 Na6 13. b3 Nc7 14. Nf1 Nd6 15. a4 a5 16. Ba3 Rf7 17. Ne3 Nf5 18. c4 Nxe3 19. Rxe3 Bh6 20. Re2 Bf5 21. Nh4 Be6 22. Qd3 Qd7 23. Rae1 Bf8 24. Bxf8 Raxf8 25. Kh2 Re8 26. Qc3 Rfe7 27. c5 Ra8 28. g4 Ree8 29. Qg3 Rad8 30. f4 Bf7 31. f5 g5 32. Nf3 Na6 33. Re3 Rxe3 34. Rxe3 Re8 35. Qe1 Qc7+ 36. Kg1 Rxe3 37. Qxe3 Nb4 38. h4 h6 39. hxg5 hxg5 40. Kf2 Qd8 41. Ne1 Kg7 42. Qg3 Kf8 43. Qh2 Kg7 44. Bf3 Bg8 45. Be2 Bf7 46. Qg3 Kf8 47. Bd1 Kg7 48. Nc2 Nxc2 49. Bxc2 Be8 50. Ke2 Kf8 51. Kd2 Kg7 52. Kc3 Kf8 53. b4 Ke7 54. Kb3 axb4 55. Kxb4 Bf7 56. a5 Ke8 57. Bd3 Ke7 58. a6 bxa6 59. Bxa6 Be8 60. Bb7 Qd7 61. Qb8 Qd8 62. Qa7 Qc7 63. Qb6 Kd8 64. Ka5 Bd7 65. Ka6 Be8 66. Ka7 Bd7 67. Ka6 Be8 68. Ka5 Bd7 69. Ba6 Be8 70. Kb4 Bd7 71. Be2 Be8 72. Kc3 Kd7 73. Bd1 Qg3+ 74. Kd2 Qf2+ 75. Kd3 Qg3+ 76. Kc2 Qf2+ 77. Kd3 Qg3+ 78. Kc2 Qf2+ 79. Kd3 1/2-1/2


[Site "https://www.chess.com"]

[Event "Titled Tuesday Blitz February 28 Late 2023"]
[White "Indjic, Aleksandar"]
[Black "Pranav, V"]
[WhiteFideId "911925"]
[BlackFideId "25060783"]
[WhiteElo "2625"]
[BlackElo "2500"]
[Result "1/2-1/2"]
[Round "09"]
[TimeControl "180+2"]
[Date "2023.02.28"]
[WhiteClock "0:00:15"]
[BlackClock "0:00:02"]

1. d4 Nf6 2. c4 e6 3. Nc3 Bb4 4. Qc2 O-O 5. Nf3 d6 6. Bd2 Nbd7 7. a3 Bxc3 8. Bxc3 b6 9. e3 Bb7 10. b4 Ne4 11. Bb2 Qe7 12. Be2 f5 13. O-O Rae8 14. Rfd1 Ng5 15. d5 e5 16. Nxg5 Qxg5 17. Qd2 Nf6 18. f3 h6 19. a4 Bc8 20. b5 Nd7 21. a5 Nc5 22. Ra3 Rf6 23. Bf1 Rg6 24. Qf2 f4 25. e4 h5 26. axb6 axb6 27. Ra7 Nb7 28. Kh1 h4 29. h3 Qd8 30. Ra8 Rg3 31. Rda1 Nc5 32. Rb8 Qe7 33. Raa8 Bd7 34. Bc3 Nxe4 35. Rxe8+ Bxe8 36. fxe4 Rxc3 37. Be2 Kh7 38. Rxe8 Qxe8 39. Qxh4+ Kg8 40. Bg4 g6 41. Qh6 Kf7 42. Qh7+ Kf6 43. Qxc7 Qe7 44. Qc8 Kg7 45. Be6 f3 46. Qg8+ Kh6 47. Qh8+ Kg5 48. g3 Rc1+ 49. Kh2 Rc2+ 50. Kh1 Rc1+ 51. Kh2 Rc2+ 52. Kh1 Rc1+ 1/2-1/2


[Site "https://www.chess.com"]

[Event "Titled Tuesday Blitz February 28 Late 2023"]
[White "Yu, Yangyi"]
[Black "Durarbayli, Vasif"]
[WhiteFideId "8603820"]
[BlackFideId "13402935"]
[WhiteElo "2783"]
[BlackElo "2543"]
[Result "1-0"]
[Round "09"]
[TimeControl "180+2"]
[Date "2023.02.28"]
[WhiteClock "0:00:06"]
[BlackClock "0:00:02"]

1. Nf3 d5 2. g3 g6 3. Bg2 Bg7 4. d4 c6 5. O-O Nf6 6. b3 a5 7. a4 O-O 8. Bb2 Na6 9. Re1 Bf5 10. Nh4 Bg4 11. h3 Be6 12. Nd2 c5 13. Nhf3 Qc8 14. Kh2 cxd4 15. Bxd4 Nb4 16. c3 Nc6 17. Rc1 Ra6 18. e3 Bf5 19. c4 dxc4 20. Rxc4 Be6 21. Rc2 Qb8 22. Bc3 Rd8 23. Nd4 Bd5 24. Qe2 Bxg2 25. Kxg2 Nd5 26. N2f3 Nxc3 27. Rxc3 Nxd4 28. exd4 e6 29. Rec1 Rad6 30. Rc7 R6d7 31. Rxd7 Rxd7 32. Qe4 Bf6 33. Rc5 b6 34. Rc6 Rd5 35. Qc2 Kg7 36. Rc8 Qb7 37. Rc7 Qa8 38. Qc6 Qxc6 39. Rxc6 b5 40. Rc5 bxa4 41. bxa4 Kf8 42. Rxd5 exd5 43. Kf1 Ke7 44. Ke2 Kd6 45. Kd3 h5 46. Nd2 Bd8 47. g4 hxg4 48. hxg4 f5 49. gxf5 gxf5 50. Nf1 Ke6 51. Ne3 Bg5 52. Nc2 Kd6 53. Na3 Kc6 54. Nb5 Bh6 55. Na7+ Kb6 56. Nc8+ Kc7 57. Ne7 1-0


[Site "https://www.chess.com"]

[Event "Titled Tuesday Blitz February 28 Late 2023"]
[White "Duda, Jan-Krzysztof"]
[Black "Bortnyk, Olexandr"]
[WhiteFideId "1170546"]
[BlackFideId "14120828"]
[WhiteElo "2790"]
[BlackElo "2734"]
[Result "1-0"]
[Round "09"]
[TimeControl "180+2"]
[Date "2023.02.28"]
[WhiteClock "0:00:04"]
[BlackClock "0:00:03"]

1. d4 d6 2. e4 Nf6 3. Nc3 e5 4. Nf3 Nbd7 5. Bc4 Be7 6. a4 c6 7. O-O h6 8. Re1 Qc7 9. a5 Nf8 10. d5 Ng6 11. a6 b5 12. Bb3 b4 13. Ba4 bxc3 14. Bxc6+ Kf8 15. Bxa8 Bg4 16. Qd3 cxb2 17. Bxb2 Nf4 18. Qb3 g5 19. Bc6 Kg7 20. Qb7 Qd8 21. Nd2 h5 22. Qxa7 h4 23. Qb7 Bc8 24. Qb3 Bxa6 25. Rxa6 Qc8 26. Ra7 Bd8 27. Ra8 Qg4 28. Qf3 Bb6 29. h3 Qg3 30. Rxh8 Kxh8 31. Kh1 Bxf2 32. Qxg3 hxg3 33. Rf1 g4 34. h4 Be3 35. Bc1 Bc5 36. Bb5 Kg7 37. Bd3 N6h5 38. Nb3 Bb6 39. Ba3 Nh3 40. Bxd6 Nf2+ 41. Rxf2 gxf2 42. Bxe5+ f6 43. Bd6 Kf7 44. c4 Be3 45. c5 Bf4 46. Bxf4 Nxf4 47. Ba6 g3 48. c6 Ke7 49. c7 f1=Q+ 50. Bxf1 Kd7 51. d6 1-0


[Site "https://www.chess.com"]

[Event "Titled Tuesday Blitz February 28 Late 2023"]
[White "Paravyan, David"]
[Black "Baskakov, Egor"]
[WhiteFideId "4194985"]
[BlackFideId "24197866"]
[WhiteElo "2577"]
[BlackElo "2212"]
[Result "1-0"]
[Round "09"]
[TimeControl "180+2"]
[Date "2023.02.28"]
[WhiteClock "0:00:04"]
[BlackClock "0:00:07"]

1. e4 c5 2. Nf3 Nf6 3. Nc3 d5 4. exd5 Nxd5 5. Bb5+ Bd7 6. Ne5 e6 7. Nxd7 Nxd7 8. Nxd5 exd5 9. O-O a6 10. Bxd7+ Qxd7 11. Re1+ Be7 12. d4 O-O 13. Bf4 Rfe8 14. Be5 Qb5 15. dxc5 Bxc5 16. Qg4 Bf8 17. Rad1 Re6 18. Bc3 Rae8 19. Rxe6 fxe6 20. Re1 Qd7 21. h4 b5 22. h5 h6 23. Bd4 Qf7 24. Re3 Bd6 25. Rf3 Qd7 26. Rf6 Re7 27. Be3 e5 28. Qg6 Bc7 29. Bxh6 Rf7 30. Bg5 Kf8 31. Rxf7+ Qxf7 32. Qc6 Kg8 33. h6 e4 34. hxg7 Kxg7 35. Qh6+ Kg8 36. Bf6 Qh7 37. Qg5+ Kf7 38. Bd4 Ke6 39. Qf6+ Kd7 40. g3 Qh5 41. Kg2 Qd1 42. Qf7+ Kc6 43. Qe6+ Bd6 44. Qc8+ Bc7 45. Qxa6+ Kd7 46. Qxb5+ Kc8 47. Qa6+ Kd7 48. Qb5+ Kc8 49. Qxd5 Qf3+ 50. Kg1 Qd1+ 51. Kh2 e3 52. Qa8+ Kd7 53. Bxe3 Qh5+ 54. Kg2 Qe2 55. Qe4 Qd1 56. Qd3+ 1-0


[Site "https://www.chess.com"]

[Event "Titled Tuesday Blitz February 28 Late 2023"]
[White "Andreikin, Dmitry"]
[Black "Rasulov, Vugar"]
[WhiteFideId "4158814"]
[BlackFideId "13402390"]
[WhiteElo "2736"]
[BlackElo "2509"]
[Result "0-1"]
[Round "09"]
[TimeControl "180+2"]
[Date "2023.02.28"]
[WhiteClock "0:00:16"]
[BlackClock "0:00:20"]

1. c4 Nf6 2. Nc3 g6 3. e4 d6 4. d4 Bg7 5. h3 O-O 6. Be3 e5 7. d5 a5 8. g4 Na6 9. Nge2 c6 10. Ng3 Nc5 11. g5 Nh5 12. Nxh5 gxh5 13. Qxh5 a4 14. Be2 Qa5 15. Bd2 Qb6 16. Rb1 Na6 17. Bg4 Nb4 18. O-O Bxg4 19. hxg4 Qd4 20. Be3 Qxc4 21. Kg2 cxd5 22. Rh1 Rfc8 23. Qxh7+ Kf8 24. a3 d4 25. axb4 dxe3 26. Nd5 exf2 27. Rbf1 Qe2 28. Nf6 Bxf6 29. gxf6 Qxg4+ 30. Kh2 Qf4+ 31. Kg2 Qg5+ 32. Kh2 Qxf6 33. Kg2 Qg5+ 34. Kh2 Qf4+ 35. Kg2 Qg5+ 36. Kh2 Ke7 37. Rxf2 Rh8 38. Rxf7+ Ke6 0-1


[Site "https://www.chess.com"]

[Event "Titled Tuesday Blitz February 28 Late 2023"]
[White "Perez Ponsa, Federico"]
[Black "Martinez Alcantara, Jose Eduardo"]
[WhiteFideId "117927"]
[BlackFideId "3805662"]
[WhiteElo "2592"]
[BlackElo "2712"]
[Result "1-0"]
[Round "09"]
[TimeControl "180+2"]
[Date "2023.02.28"]
[WhiteClock "0:00:29"]
[BlackClock "0:00:16"]

1. e4 e5 2. Nf3 Nf6 3. d4 Nxe4 4. Bd3 Nc6 5. O-O d5 6. dxe5 Be7 7. Nc3 Nxc3 8. bxc3 O-O 9. Rb1 Rb8 10. Re1 Bg4 11. h3 Bh5 12. Rb5 d4 13. g4 Bg6 14. Bxg6 fxg6 15. cxd4 Rxf3 16. Qxf3 Nxd4 17. Qd5+ Qxd5 18. Rxd5 Nf3+ 19. Kf1 Nxe1 20. Kxe1 Rd8 21. Rxd8+ Bxd8 22. f4 Kf7 23. Ke2 Ke6 24. Kd3 g5 25. f5+ Kxe5 26. Bb2+ Kd6 27. Bxg7 Ke7 28. Bd4 a6 29. Ke4 Kf7 30. Be5 c6 31. Kd4 Bb6+ 32. Kc4 Ke7 33. Bd4 Bc7 34. Kc5 Kd7 35. Bf6 b6+ 36. Kd4 Bf4 37. Ke4 Bc1 38. Bd4 b5 39. Be3 Bxe3 40. Kxe3 Kd6 41. Kd4 c5+ 42. Ke4 h6 43. Ke3 Ke5 44. Kd3 Kd5 45. a3 c4+ 46. Kc3 a5 47. f6 Ke6 48. Kd4 Kxf6 49. Kc5 b4 50. axb4 a4 51. Kxc4 Ke5 52. b5 a3 53. Kb3 Kd6 54. c4 Kc5 55. Kxa3 Kxc4 56. b6 Kd5 57. b7 Ke4 58. b8=Q Kf3 59. Qd6 Kg2 60. Qxh6 Kg3 61. Qxg5 Kh2 62. Qf6 Kg3 63. g5 Kh2 64. g6 Kh1 65. g7 Kh2 66. g8=Q Kh1 67. Qf1+ 1-0


[Site "https://www.chess.com"]

[Event "Titled Tuesday Blitz February 28 Late 2023"]
[White "Ibarra Jerez, Jose Carlos"]
[Black "Grischuk, Alexander"]
[WhiteFideId "2226332"]
[BlackFideId "4126025"]
[WhiteElo "2638"]
[BlackElo "2727"]
[Result "1/2-1/2"]
[Round "09"]
[TimeControl "180+2"]
[Date "2023.02.28"]
[WhiteClock "0:00:05"]
[BlackClock "0:00:02"]

1. e4 e6 2. d4 d5 3. Nc3 Nf6 4. Bg5 dxe4 5. Nxe4 Be7 6. Bxf6 gxf6 7. Nf3 f5 8. Nc3 a6 9. Qd2 b5 10. O-O-O Qd6 11. Qe3 Nd7 12. d5 e5 13. Bxb5 e4 14. Bc6 Rb8 15. Nd4 Qg6 16. Kb1 O-O 17. f3 Ne5 18. b3 Bg5 19. Qe2 Qd6 20. fxe4 Qb4 21. Na4 f4 22. Qe1 Qd6 23. Nf5 Bxf5 24. exf5 Bf6 25. Nc3 Qa3 26. Ne4 Bh8 27. f6 Rfd8 28. Qh4 Nc4 29. Qg5+ Kf8 30. Qh6+ Kg8 31. Qg5+ Kf8 32. Qh6+ Kg8 33. Qg5+ 1/2-1/2


[Site "https://www.chess.com"]

[Event "Titled Tuesday Blitz February 28 Late 2023"]
[White "Svane, Rasmus"]
[Black "Bernadskiy, Vitaliy"]
[WhiteFideId "4657101"]
[BlackFideId "14100371"]
[WhiteElo "2597"]
[BlackElo "2488"]
[Result "1/2-1/2"]
[Round "09"]
[TimeControl "180+2"]
[Date "2023.02.28"]
[WhiteClock "0:00:09"]
[BlackClock "0:00:08"]

1. Nf3 e6 2. g3 g6 3. Bg2 Ne7 4. c4 Bg7 5. d4 O-O 6. O-O d6 7. Nc3 Nbc6 8. d5 Ne5 9. Nxe5 dxe5 10. Qb3 exd5 11. cxd5 Nf5 12. Rd1 Nd4 13. Qc4 Bg4 14. h3 Bd7 15. e3 Nf5 16. Qe2 Nd6 17. b3 f5 18. Ba3 f4 19. Ne4 f3 20. Bxf3 Bb5 21. Qd2 Rxf3 22. Bxd6 cxd6 23. Qb4 Bd7 24. Qxd6 Rc8 25. Rac1 Rf7 26. g4 Rxc1 27. Rxc1 Qh4 28. Kg2 h5 29. f3 hxg4 30. hxg4 Bxg4 31. fxg4 Qxg4+ 32. Ng3 Qf3+ 33. Kh3 Qxe3 34. Rc7 Qh6+ 35. Kg2 Qd2+ 36. Kh3 Rxc7 37. Qxc7 Qxd5 38. Qb8+ Kh7 39. Qxa7 Qe6+ 40. Kg2 Qc6+ 41. Kh3 e4 42. Qe3 Qe6+ 43. Kg2 Qa6 44. a4 Qd3 45. Qxe4 Qxb3 46. Qh4+ Kg8 47. Qe4 Kf7 48. Ne2 Qb6 49. Nf4 Qc6 50. Qxc6 bxc6 51. a5 Bd4 52. a6 g5 53. Ne2 Ba7 54. Kf3 Ke6 55. Kg4 Kd5 56. Kxg5 Kc4 57. Kf4 Kb5 58. Ke4 Kxa6 59. Kd3 Kb5 60. Kc2 Kc4 61. Nc3 Bd4 62. Ne2 Be5 63. Nc1 Kd4 64. Nd3 Bd6 65. Nb2 c5 66. Nd3 c4 67. Nb2 c3 68. Na4 Bc7 69. Nxc3 1/2-1/2


[Site "https://www.chess.com"]